 Dungeon Crawl Stone Soup version 0.20.0-10-g0535bb4 (webtiles) character file.

119 McKennaii the Skirmisher (level 4, 0/35 HPs)
             Began as a Demonspawn Fighter on June 5, 2017.
             Killed by divine providence
             ... invoked by an orc priest
              (13 damage)
             ... on level 3 of the Dungeon.
             The game lasted 00:01:46 (1704 turns).

McKennaii the Skirmisher (Demonspawn Fighter)       Turns: 1704, Time: 00:01:47

Health: 0/35       AC:  8    Str: 16    XL:     4   Next: 73%
Magic:  4/4        EV:  6    Int: 10    God:
Gold:   163        SH:  8    Dex: 13    Spells: 3/3 levels left

rFire    . . .     SeeInvis .   a - +0 long sword
rCold    + . .     Gourm    .   c - +0 shield
rNeg     . . .     Faith    .   b - +0 scale mail
rPois    .         Spirit   .   (no helmet)
rElec    .         Reflect  .   (no cloak)
rCorr    .         Harm     .   (no gloves)
MR       .....                  (no boots)
Stlth    ..........             (no amulet)
Regen    0.2/turn               l - ring of protection from cold
MPRegen  0.1/turn               (no ring)

@: drained
A: icy blue scales 1
a: no special abilities


You were on level 3 of the Dungeon.
You were not hungry.

You visited 1 branch of the dungeon, and saw 3 of its levels.

You collected 163 gold pieces.

Inventory:

Hand Weapons
 a - a +0 long sword (weapon)
Armour
 b - a +0 scale mail (worn)
 c - a +0 shield (worn)
Jewellery
 l - a ring of protection from cold (left hand)
Scrolls
 g - 2 scrolls of identify {unknown}
 h - 3 scrolls of enchant weapon {unknown}
 m - a scroll of remove curse {unknown}
 o - a scroll of immolation {unknown}
Potions
 d - a potion of might
 e - a potion of curing {unknown}
 i - a potion of agility {unknown}
 k - a potion of resistance {unknown}
 n - a potion of magic {unknown}
Comestibles
 f - 2 bread rations
 j - a royal jelly


   Skills:
 + Level 3.5(2.6) Fighting
 + Level 2.9(1.9) Long Blades
 + Level 3.4(2.5) Armour
 + Level 0.3(0.0) Dodging
 + Level 3.3(2.3) Shields


You had 3 spell levels left.
You didn't know any spells.

Dungeon Overview and Level Annotations

Branches:
Dungeon (3/15)

Altars:


Innate Abilities, Weirdness & Mutations

You are partially covered in icy blue scales. (AC +2)


Message History

The orc shouts!
An orc, an orc priest and an orc wizard come into view.
The orc priest shouts!
The orc wizard shouts!
Found a spear.
An orc comes into view. It is wielding a dagger.
Your shield prevents you from hitting the orc priest.
The orc shouts!
The orc wizard mumbles some strange words.
The orc wizard blinks!
You closely miss the orc wizard.
The orc priest calls down the wrath of Beogh upon you.
Beogh smites you! You block the orc wizard's attack. The orc barely misses you.
The orc wizard hits you but does no damage.
You are too injured to fight recklessly!
You hit the orc priest.
The orc priest is lightly wounded.
The orc hits you but does no damage.
The orc priest mumbles some strange prayers to Beogh against you.
Beogh smites you!
You die...

#.# ### #.# #.. #.#
#.# #.# #.# ####.#
#.# #....# #.#
#....######o##.#.).
#..........@oo.....
#....######.oo.....
#.#.## ####.##.#
#.### .. #.# .#
#.#### # #...>#
####.# # #.#


You could see an orc priest, an orc wizard and 3 orcs.

Vanquished Creatures
  An orc priest (D:3)
  An adder (D:2)
  A gnoll (D:1)
  A worm (D:2)
  3 dart slugs
  A leopard gecko (D:1)
  3 orcs (D:3)
  4 giant cockroaches (D:1)
  6 goblins
  8 hobgoblins
  5 jackals
  3 kobolds (D:1)
  A quokka (D:2)
  4 bats
  4 frilled lizards
  13 rats
59 creatures vanquished.

Notes
Turn   | Place    | Note
-------+----------+-------------------------------------------
     0 | D:1      | McKennaii the Demonspawn Fighter began the quest for the Orb.
     0 | D:1      | Reached XP level 1. HP: 18/18 MP: 1/1
    85 | D:1      | Gained mutation: You are partially covered in icy blue scales. (AC +2) [demonic ancestry]
    85 | D:1      | Reached XP level 2. HP: 24/24 MP: 2/2
   344 | D:1      | Reached XP level 3. HP: 25/29 MP: 3/3
  1329 | D:2      | Reached XP level 4. HP: 35/35 MP: 4/4
  1704 | D:3      | Killed from afar by an orc priest

Skill      XL: |  1  2  3 |
---------------+----------+-----
Armour         | 3 |  3.4
Long Blades    | 2 |  2.9
Shields        | 3 |  3.3
Fighting       | |  3.5
Dodging        | |  0.3

Action                   |  1- 3 |  4- 6 || total
-------------------------+-------+-------++-------
Melee: Long sword        |   153 |    71 ||   224
  Eat: Chunk             |     1 |     2 ||     3
Armor: Scale mail        |    97 |    37 ||   134
Dodge: Dodged            |    46 |    25 ||    71
Block: Shield            |    82 |    49 ||   131
       Rpst.: Long sword |    12 |     8 ||    20
